 Dungeon Crawl Stone Soup version 0.23.2 (webtiles) character file.

Game seed: 17214784698798177357

88 wisty the Cudgeler (level 4, 0/40 HPs)
             Began as a Minotaur Berserker on Apr 6, 2019.
             Was a Believer of Trog.
             Succumbed to an orc wizard's poison
             ... on level 3 of the Dungeon.
             The game lasted 00:06:32 (1544 turns).

wisty the Cudgeler (Minotaur Berserker)             Turns: 1544, Time: 00:06:33

Health: 0/40       AC:  4    Str: 22    XL:     4   Next: 29%
Magic:  3/3        EV: 12    Int:  4    God:    Trog [**....]
Gold:   100        SH:  0    Dex: 10    Spells: 3/3 levels left

rFire    . . .     SeeInvis .   a - +1 mace
rCold    . . .     Gourm    .   (no shield)
rNeg     . . .     Faith    .   i - +0 leather armour
rPois    .         Spirit   .   (helmet restricted)
rElec    .         Reflect  .   h - +0 cloak
rCorr    .         Harm     .   (no gloves)
MR       .....                  (no boots)
Stlth    +.........             (no amulet)
HPRegen  0.13/turn              (no ring)
MPRegen  0.08/turn              (no ring)

@: lethally poisoned (0 -> -25)
A: retaliatory headbutt, horns 2
a: Berserk, Trog's Hand, Renounce Religion


You were on level 3 of the Dungeon.
You worshipped Trog.
Trog was pleased with you.
You were not hungry.

You visited 1 branch of the dungeon, and saw 3 of its levels.

You collected 100 gold pieces.

Inventory:

Hand Weapons
 a - a +1 mace (weapon)
Armour
 b - a +0 animal skin
 h - a +0 cloak (worn)
 i - a +0 leather armour (worn)
 m - a +1 ring mail of poison resistance
Scrolls
 j - a scroll of amnesia {unknown}
 k - 2 scrolls of teleportation
 n - a scroll of remove curse
Potions
 e - 2 potions of invisibility {unknown}
 f - a potion of magic {unknown}
 g - a potion of brilliance {unknown}
 l - 2 potions of heal wounds {unknown}
Comestibles
 c - 4 rations
 d - 2 chunks of flesh


   Skills:
 + Level 3.6 Fighting
 * Level 6.2 Maces & Flails
 + Level 2.4 Armour
 - Level 2.1 Dodging


You had 3 spell levels left.
You didn't know any spells.
Your spell library was empty.

Dungeon Overview and Level Annotations

Branches:
Dungeon (3/15)

Altars:
Kikubaaqudgha
Xom


Innate Abilities, Weirdness & Mutations

You reflexively headbutt those who attack you in melee.
You have a pair of horns on your head.


Message History

A puff of flame appears from out of thin air!
The puff of flame hits you!
* * * LOW HITPOINT WARNING * * *
You bump into the rock wall.
You feel less confused.
* * * LOW HITPOINT WARNING * * *
You feel sick.
A goblin comes into view.
Something hits you but does no damage.
You are more poisoned.
A rat comes into view.
* * * LOW HITPOINT WARNING * * *
You feel sick.
* * * LOW HITPOINT WARNING * * *
You feel very sick. The hobgoblin completely misses you.
You furiously retaliate!
You headbutt the hobgoblin!
You kill the hobgoblin!
Trog accepts your kill.
You die...

. r.. #. ..# #.. ..#
..# ..# # #[##..# .#
...#.##g#..# #...
.........#####+###.....
..#.##.{o.o....<...#
#@#######..#...#
#....## #..#...# #.#.#
#..#.oo.. #. #.........
# ...##..### ..... ..#
#.... #.#


You could see 2 orcs and a goblin.

Vanquished Creatures
  4 adders (D:2)
  A leopard gecko (D:2)
  An orc (D:3)
  A ball python (D:1)
  3 giant cockroaches
  6 goblins
  3 hobgoblins
  3 jackals (D:1)
  2 quokkas (D:2)
  5 bats
  3 frilled lizards (D:1)
  5 kobolds
  12 rats
49 creatures vanquished.

Notes
Turn   | Place    | Note
-------+----------+-------------------------------------------
     0 | D:1      | wisty the Minotaur Berserker began the quest for the Orb.
     0 | D:1      | Reached XP level 1. HP: 19/19 MP: 0/0
    69 | D:1      | Reached skill level 4 in Maces & Flails
   174 | D:1      | Reached XP level 2. HP: 22/26 MP: 1/1
   564 | D:1      | Reached skill level 5 in Maces & Flails
   714 | D:2      | Reached XP level 3. HP: 31/31 MP: 2/2
   730 | D:2      | Reached ** piety under Trog
  1013 | D:2      | Found a shimmering altar of Xom.
  1013 | D:2      | Found an ancient bone altar of Kikubaaqudgha.
  1217 | D:2      | Reached XP level 4. HP: 39/39 MP: 3/3
  1288 | D:2      | Reached skill level 6 in Maces & Flails
  1543 | D:3      | HP: 2/40 [poisoned by an orc wizard]
  1544 | D:3      | Succumbed to an orc wizard's poison

Skill      XL: |  1  2  3  4 |
---------------+-------------+-----
Maces & Flails | 4 5 6 |  6.2
Fighting       | |  3.6
Armour         | |  2.4
Dodging        | |  2.1

Action                   |  1- 3 |  4- 6 || total
-------------------------+-------+-------++-------
Melee: Mace              |    87 |    21 ||   108
       Headbutt          |    10 |     1 ||    11
  Use: Scroll            |     4 |       ||     4
 Stab: Sleeping          |     1 |       ||     1
  Eat: Chunk             |     1 |     1 ||     2
Armor: Animal skin       |     9 |       ||     9
       Leather armour    |    19 |    15 ||    34
Dodge: Dodged            |    63 |    10 ||    73
